 Dungeon Crawl Stone Soup version 0.29.0-4-gdea44cf6ec (webtiles) character file.

Game seed: 9295200427657600494

24 qw the Chopper (level 3, -13/21 HPs)
             Began as a Tengu Warper on Aug 28, 2022.
             Mangled by an ogre
             ... wielding a +0 giant spiked club
              (24 damage)
             ... on level 4 of the Dungeon.
             The game lasted 00:00:05 (1314 turns).

qw the Chopper (Tengu Warper)                       Turns: 1314, Time: 00:00:05

Health: -13/21     AC:  3    Str: 13    XL:     3   Next: 2%
Magic:  7/7        EV: 12    Int: 13    God:
Gold:   147        SH:  0    Dex: 13    Spells: 6/6 levels left

rFire   . . .      SeeInvis .   Y - +0 hand axe
rCold   . . .      Faith    .   (no shield)
rNeg    . . .      Spirit   .   b - +0 leather armour
rPois   .          Reflect  .   (helmet restricted)
rElec   .          Harm     .   (no cloak)
rCorr   .          Rampage  .   (no gloves)
Will    .....                   (boots unavailable)
Stlth   +.........              (no amulet)
HPRegen 0.07/turn               (no ring)
MPRegen 0.10/turn               (no ring)

@: no status effects
A: beak, talons 3
a: no special abilities


You were on level 4 of the Dungeon.
You visited 1 branch of the dungeon, and saw 3 of its levels.

You collected 147 gold pieces.


Innate Abilities, Weirdness & Mutations

You have a beak for a mouth.
You have claws for feet.


   Skills:
 - Level 2.0 Fighting
 + Level 3.7 Axes
 - Level 1.0 Throwing
 - Level 1.1 Armour
 - Level 2.1 Dodging
 - Level 2.0 Spellcasting
 - Level 2.4 Translocations


You had 6 spell levels left.
You didn't know any spells.
Your spell library contained the following spells:

 Spells                   Type           Power      Damage    Failure   Level
 Blink                    Tloc           14%        N/A       19%         2
 Gell's Gravitas          Tloc           7%         N/A       36%         3
 Lesser Beckoning         Tloc           7%         N/A       36%         3
 Teleport Other           Tloc           7%         N/A       36%         3
 Manifold Assault         Tloc           7%         N/A       98%         5

Inventory:

Hand Weapons
 f - a +0 flail
 Y - a +0 hand axe (weapon)
Armour
 b - a +0 leather armour (worn)
Jewellery
 c - a +6 ring of strength
Scrolls
 a - a scroll of teleportation
Potions
 g - a potion of curing {unknown}

Dungeon Overview and Level Annotations

Branches:
Dungeon (2/15)

Altars:


Message History

Enter note: The ball python hisses angrily.
You hit the orc. You claw the orc. Your peck misses the orc.
The orc is severely wounded.
You hit the ball python. The ball python closely misses you. x2
An orc comes into view. It is wielding a +0 hand axe.
The orc closely misses you.
You closely miss the orc.
The orc is severely wounded.
The orc shouts!
You hit the ball python.
You kill the ball python!
You hear a shout! x2
The orc hits you with a +0 flail.
You barely miss the orc.
The orc is severely wounded.
An orc comes into view. It is wielding a +0 whip.
The orc hits you but does no damage.
You hit the orc. You claw the orc.
You kill the orc!
An ogre comes into view. It is wielding a +0 giant spiked club.
You hit the orc. Your peck misses the orc.
The orc is lightly wounded.
The orc closely misses you.
You hit the orc. You peck the orc.
You kill the orc!
You have reached level 3!
Your experience leads to an increase in your attributes!
Increase (S)trength, (I)ntelligence, or (D)exterity?
You feel stronger. x2
You hit the orc.
The orc is almost dead.
The orc hits you with a +0 whip.
You barely miss the orc.
The orc is almost dead.
The orc closely misses you. x2
The ogre hits you with a +0 giant spiked club!!
Ouch! That really hurt!
You die...

.. #.# ..###
#.# .... ..#
...##..
#..#.# #...#
#oO# #.#
#.@# #.#
#..# #.#
#..# #.#
#..#
#.####..##
#.#......#
#.#.####...#
#...# ##....
#.### ####


You could see an ogre and an orc.

Vanquished Creatures
  A dart slug (D:1)
  2 orcs (D:4)
  2 endoplasms (D:1)
  3 hobgoblins (D:1)
  A kobold (D:2)
  3 quokkas (D:2)
  2 ball pythons
  2 bats (D:1)
  2 rats (D:1)
18 creatures vanquished.

Vanquished Creatures (others)
  6 demonic plants (D:1)
  4 fungi (D:1)
  3 plants (D:1)
  2 withered plants (D:1)
15 creatures vanquished.

Grand Total: 33 creatures vanquished

Notes
Turn   | Place    | Note
-------+----------+-------------------------------------------
     0 | D:1      | qw the Tengu Warper began the quest for the Orb.
     0 | D:1      | Reached XP level 1. HP: 12/12 MP: 4/4
     0 | D:1      | 0 ||| qw: Version: 0.1-a-89-g26bdef1
     0 | D:1      | 0 ||| qw: Game counter: 1493
     0 | D:1      | 0 ||| qw: Always use a shield: true
     0 | D:1      | 0 ||| qw: God list: Okawaru
     0 | D:1      | 0 ||| qw: Allow faded altars: false
     0 | D:1      | 0 ||| qw: Do Orc after D:15 true
     0 | D:1      | 0 ||| qw: Do second Lair branch before Depths: true
     0 | D:1      | 0 ||| qw: Lair rune preference: random
     0 | D:1      | 0 ||| qw: Plans: Normal
     0 | D:1      | 0 ||| PLANNING D:1-11
   432 | D:1      | Found a faded altar of an unknown god.
   625 | D:1      | Reached XP level 2. HP: 17/17 MP: 6/6
   838 | D:1      | 838 ||| Stepping ~*~*~tactically~*~*~ (stealth).
   840 | D:1      | 840 ||| Stepping ~*~*~tactically~*~*~ (stealth).
   842 | D:1      | 842 ||| Stepping ~*~*~tactically~*~*~ (stealth).
   844 | D:1      | 844 ||| Stepping ~*~*~tactically~*~*~ (stealth).
   846 | D:1      | 846 ||| Stepping ~*~*~tactically~*~*~ (stealth).
   848 | D:1      | 848 ||| Stepping ~*~*~tactically~*~*~ (hiding).
   851 | D:1      | Reached skill level 3 in Axes
  1193 | D:1      | 1193 ||| READING 2 scrolls labelled QURHECKYAPY.
  1196 | D:1      | 1196 ||| READING scroll labelled FIEKHA JIHIGEA.
  1197 | D:1      | 1197 ||| DROPPING scroll of blinking.
  1287 | D:2      | You fall into a shaft and drop 2 floors!
  1308 | D:4      | Noticed an ogre
  1313 | D:4      | Reached XP level 3. HP: 14/21 MP: 7/7
  1314 | D:4      | Mangled by an ogre

Levels and vault maps discovered:
D:1:      dpeg_arrival_chambers_temple_mockup, layout_loops_ring,
          shapermc_ecumenical_altar_gd
D:2:      layout_rooms, basic_altar, nicolae_shop_vocational, uniq_robin
D:4:      layout_rooms, ebering_ghost_sewer_d, uniq_duvessa

Skill      XL: |  1  2 |
---------------+-------+-----
Axes           | 3 |  3.7
Fighting       | |  2.0
Throwing       | |  1.0
Armour         | |  1.1
Dodging        | |  2.1
Spellcasting   | |  2.0
Translocations | |  2.4

Action                   || total
-------------------------++-------
Melee: Hand axe          ||    38
       Kick              ||     8
       Peck              ||     4
Throw: Boomerang         ||     7
  Use: Scroll            ||     2
Armor: Leather armour    ||    12
Dodge: Dodged            ||    19

Table legend:
 A = Non-vault XP
 B = Vault XP
 C = Vault XP percentage of total XP
 D = Non-vault monster count
 E = Vault monster count
 F = Vault count percentage of total count
                 A         B        C        D         E       F
            +---------+---------+-------+---------+---------+-------
      Total |      35 |       0 |   0.0 |      18 |       0 |   0.0
            +---------+---------+-------+---------+---------+-------
        D:1 |      19 |       0 |   0.0 |      11 |       0 |   0.0
        D:2 |       8 |       0 |   0.0 |       4 |       0 |   0.0
        D:4 |       8 |       0 |   0.0 |       3 |       0 |   0.0
            +---------+---------+-------+---------+---------+-------
